Selects Australian Defense Battlegroup
Selects Australian Light Infantry Section
Australian Light Infantry Section
Australian Light Infantry Section
Australian Light Infantry Section
Construct Section Command Post
Construct Platoon Command Post
Selects Defensive Tactics
Selects Defensive Tactics
Selects CMP 15cwt Supply Run
Selects Artillery Trip Wire Flares
Unlock Bishop Self-propelled Artillery
Bishop Self-propelled Artillery
Australian Light Infantry Section
Construct Company Command Post
Selects Charged Creeping Barrage